 Dungeon Crawl Stone Soup version 0.21-a0-110-g8e1637b (webtiles) character file.

18928 nikopol the Eclecticist (level 12, 0/61 HPs)
             Began as a Deep Elf Fire Elementalist on July 9, 2017.
             Was a High Priest of Vehumet.
             Slain by a redback (15 damage)
             ... on level 2 of the Lair of Beasts.
             The game lasted 01:12:34 (15705 turns).

nikopol the Eclecticist (DEFE)                     Turns: 15705, Time: 01:12:35

Health: 0/61       AC: 10    Str:  9    XL:     12   Next: 32%
Magic:  26/33      EV: 15    Int: 26    God:    Vehumet [*****.]
Gold:   973        SH:  0    Dex: 18    Spells: 28/42 levels left

rFire    + + .     SeeInvis .   V - staff of fire
rCold    . . .     Gourm    .   (no shield)
rNeg     + . .     Faith    +   I - +2 robe "Zisuyv" {rF+ Str+2 Dex+3 Slay-4}
rPois    .         Spirit   .   P - +2 hat
rElec    .         Reflect  .   d - +0 cloak
rCorr    .         Harm     .   v - +1 pair of gloves
MR       +....                  H - +0 pair of boots
Stlth    +++.......             J - amulet of faith
HPRegen  0.20/turn              f - +2 ring of strength
MPRegen  0.23/turn              B - ring of positive energy

@: no status effects
A: no striking features
a: Renounce Religion


You were on level 2 of the Lair of Beasts.
You worshipped Vehumet.
Vehumet was extremely pleased with you.
You were hungry.

You visited 2 branches of the dungeon, and saw 13 of its levels.
You also visited: Sewer and Bailey.

You collected 1212 gold pieces.
You spent 239 gold pieces at shops.

Inventory:

Hand Weapons
 x - a +0 short sword of flaming
 S - a +4 dagger of venom
Armour
 a - a +0 robe
 d - a +0 cloak (worn)
 v - a +1 pair of gloves (worn)
 H - a +0 pair of boots (worn)
 I - the +2 robe "Zisuyv" (worn) {rF+ Str+2 Dex+3 Slay-4}
   (You bought it in a shop on level 6 of the Dungeon)

   It affects your strength (+2).
   It affects your dexterity (+3).
   It affects your accuracy and damage with ranged weapons and melee attacks
   (-4).
   It protects you from fire.
 P - a +2 hat (worn)
Magical Staves
 V - an uncursed staff of fire (weapon)
Jewellery
 f - a +2 ring of strength (left hand)
 B - a ring of positive energy (right hand)
 J - an amulet of faith (around neck)
Wands
 j - a wand of iceblast (7/15)
 k - a wand of paralysis (9/24)
 D - a wand of acid (10/15)
 E - a wand of paralysis (24/24)
 M - a wand of disintegration (6/24)
 N - a wand of paralysis (3/24)
 O - a wand of disintegration (13/24)
 Q - a wand of polymorph (11/24)
 U - a wand of flame (38/48)
Scrolls
 e - a scroll of enchant armour
 l - 2 scrolls of amnesia
 q - a scroll of torment {unknown}
 u - 2 scrolls of identify
 w - 8 scrolls of teleportation
 y - a scroll of fear
 C - 3 scrolls of recharging
 F - 9 scrolls of remove curse
 R - a scroll of fog {unknown}
Potions
 g - a potion of resistance
 h - 2 potions of flight
 i - a potion of cancellation
 n - 3 potions of might
 o - a potion of magic {unknown}
 p - 2 potions of brilliance
 s - 4 potions of curing
 t - a potion of haste {unknown}
 z - 2 potions of degeneration {unknown}
 A - 4 potions of agility
 G - a potion of invisibility {unknown}
 K - 2 potions of berserk rage {unknown}
 L - 3 potions of heal wounds
Books
 b - a book of Flames

   Spells                             Type                      Level
   a - Flame Tongue                   Conjuration/Fire             1
   b - Throw Flame                    Conjuration/Fire             2
   c - Conjure Flame                  Conjuration/Fire             3
   d - Inner Flame                    Hexes/Fire                   3
   e - Sticky Flame                   Conjuration/Fire             4
   f - Fireball                       Conjuration/Fire             5
Comestibles
 c - 16 bread rations
 m - 8 meat rations
 r - 5 fruits


   Skills:
 + Level 1.2 Fighting
 + Level 5.0 Dodging
 + Level 4.5 Stealth
 + Level 15.6 Spellcasting
 + Level 11.8 Conjurations
 + Level 12.2 Fire Magic
 + Level 0.2 Evocations


You had 28 spell levels left.
You knew the following spells:

 Your Spells              Type           Power        Failure   Level  Hunger
a - Flame Tongue          Conj/Fire      #####        0%          1    None
b - Throw Flame           Conj/Fire      ######       1%          2    None
c - Conjure Flame         Conj/Fire      #######.     1%          3    None
d - Fireball              Conj/Fire      #######...   1%          5    None
e - Stone Arrow           Conj/Erth      ######       1%          3    None


Dungeon Overview and Level Annotations

Branches:
Dungeon (11/15)            Temple (0/1) D:6            Lair (2/6) D:10
  Swamp: Lair:2-4    Shoals: Lair:2-4     Snake: Lair:2-4    Spider: Lair:2-4
    Orc: D:9-12

Altars:
Cheibriados
Kikubaaqudgha
Nemelex Xobeh
Sif Muna
Vehumet
Wu Jian
Zin
The Shining One

Shops:
D:6 [   D:8 %   D:10 =

Annotations:
D:6 Pikel


Message History

Aiming: Throw Flame
Press: ? - help, Shift-Dir - straight line, f/p - redback
Aim: a redback (heavily wounded)
You feel a surge of power!
The puff of flame hits the redback.
The redback is almost dead.
You feel very sick. The redback bites you.
Casting: Throw Flame
Confirm with . or Enter, or press ? or * to list all spells.
Aiming: Throw Flame
Press: ? - help, Shift-Dir - straight line, f/p - redback
Aim: a redback (almost dead)
You feel a surge of power!
The puff of flame misses the redback.
You feel very sick. The redback bites you. The redback bites you!
* * * LOW HITPOINT WARNING * * *
You feel better. The redback misses you.
The redback bites you but does no damage.
The redback bites you!
You die...

##### #P..#
#P..# ##..#
#...##
...##Ps@P#
.........#
.........#
..####.....
# #....†.†
#.........
#.........
#........>
#.........


You could see a redback.

Vanquished Creatures
  Gastronok (D:8)
  2 two-headed ogres
  Urug (D:10)
  2 orc knights (Bailey)
  A manticore (D:11)
  An elephant (Lair:1)
  Maurice (D:8)
  A black mamba (Lair:1)
  Psyche (D:8)
  A spiny frog (Lair:1)
  The ghost of anything the Sneak, a novice OpHu (D:5)
  A komodo dragon (Lair:2)
  A troll (D:8)
  A jumping spider (Lair:2)
  3 hippogriffs
  A redback (Lair:2)
  21 yaks
  A spriggan (D:9)
  A vampire (D:10)
  A wyvern (D:9)
  A basilisk (D:11)
  A hungry ghost (D:8)
  Edmund (D:6)
  A water moccasin (Lair:1)
  6 porcupines
  3 sky beasts
  3 slaves (D:6)
  21 orc warriors
  Purgy (Sewer)
  2 black bears
  3 ice beasts
  4 phantoms
  3 ogres
  5 wolves (Lair:1)
  4 centaurs
  3 big kobolds
  4 crocodiles
  2 scorpions
  12 killer bees
  3 wights (D:6)
  4 howler monkeys
  2 bullfrog zombies
  A jelly (D:11)
  2 crimson imps
  2 centaur zombies
  A quasit (D:5)
  3 hounds
  5 orc priests
  A centaur skeleton (D:10)
  3 bullfrog skeletons
  3 orc wizards
  4 iguanas
  6 worker ants
  A hound zombie (D:6)
  2 worker ant zombies
  11 adders
  4 gnolls (D:9)
  A shadow imp (D:10)
  2 oozes
  An adder skeleton (D:6)
  An adder zombie (D:9)
  2 worms
  5 leopard geckos
  47 orcs
  A ball python (D:6)
  11 giant cockroaches
  3 goblins
  7 hobgoblins
  3 jackals (D:8)
  28 kobolds
  5 quokkas
  6 bats
  2 frilled lizards
  A jackal skeleton (D:5)
  A leopard gecko skeleton (D:5)
  10 rats
319 creatures vanquished.

Vanquished Creatures (others)
  3 fungi (D:10)
  13 plants (D:10)
16 creatures vanquished.

Grand Total: 335 creatures vanquished

Notes
Turn   | Place    | Note
-------+----------+-------------------------------------------
     0 | D:1      | nikopol the Deep Elf Fire Elementalist began the quest for the Orb.
     0 | D:1      | Reached XP level 1. HP: 10/10 MP: 6/6
   385 | D:1      | Reached XP level 2. HP: 14/15 MP: 1/8
  1124 | D:2      | Reached XP level 3. HP: 19/19 MP: 7/10
  1342 | D:2      | Found a sparkling altar of Nemelex Xobeh.
  1343 | D:2      | Found a glowing golden altar of the Shining One.
  1347 | D:2      | Found a radiant altar of Vehumet.
  1348 | D:2      | Found a glowing silver altar of Zin.
  1352 | D:2      | Became a worshipper of Vehumet
  1663 | D:2      | Reached skill level 4 in Spellcasting
  1712 | D:2      | Learned a level 2 spell: Throw Flame
  1716 | D:2      | Learned a level 3 spell: Conjure Flame
  1817 | D:3      | Reached XP level 4. HP: 24/24 MP: 7/12
  2434 | D:3      | Reached XP level 5. HP: 15/28 MP: 7/13
  2578 | D:3      | Learned a level 5 spell: Fireball
  2802 | D:3      | Found a snail-covered altar of Cheibriados.
  3012 | D:4      | Reached * piety under Vehumet
  3012 | D:4      | Offered knowledge of Sandblast by Vehumet.
  3248 | D:4      | Noticed a phantom
  3267 | D:4      | Killed a phantom
  3267 | D:4      | Reached skill level 5 in Spellcasting
  3267 | D:4      | Reached skill level 5 in Fire Magic
  3267 | D:4      | Reached XP level 6. HP: 29/32 MP: 2/15
  3964 | D:5      | Entered Level 5 of the Dungeon
  4187 | D:5      | Reached skill level 6 in Spellcasting
  4187 | D:5      | Reached XP level 7. HP: 36/36 MP: 3/18
  4647 | D:5      | Noticed anything's ghost (novice OpHu)
  4855 | D:5      | Killed anything's ghost
  4855 | D:5      | Reached skill level 7 in Spellcasting
  4855 | D:5      | Reached skill level 5 in Conjurations
  5240 | D:6      | Reached XP level 8. HP: 25/41 MP: 14/21
  5342 | D:6      | Found Jyery's Armour Shoppe.
  5358 | D:6      | Offered knowledge of Sting by Vehumet.
  5370 | D:6      | Reached ** piety under Vehumet
  5406 | D:6      | Found a glowing drain.
  5496 | Sewer    | Entered a sewer
  5585 | Sewer    | Noticed Purgy
  5589 | Sewer    | Killed Purgy
  5589 | Sewer    | Reached skill level 8 in Spellcasting
  5942 | D:6      | Bought the +2 robe "Zisuyv" {rF+ Str+2 Dex+3 Slay-4} for 239 gold pieces
  5969 | D:6      | Noticed Edmund
  5984 | D:6      | Killed Edmund
  5984 | D:6      | Reached skill level 9 in Spellcasting
  6248 | D:6      | Noticed Pikel
  6534 | D:6      | Found a staircase to the Ecumenical Temple.
  6924 | D:7      | Noticed a hippogriff
  6948 | D:7      | Reached XP level 9. HP: 42/46 MP: 10/24
  7155 | D:7      | Found an ancient bone altar of Kikubaaqudgha.
  7527 | D:7      | Found a deep blue altar of Sif Muna.
  7913 | D:8      | Offered knowledge of Static Discharge by Vehumet.
  7913 | D:8      | Reached skill level 10 in Spellcasting
  7914 | D:8      | Noticed Psyche
  7929 | D:8      | Killed Psyche
  8115 | D:8      | Found Afodugo's Food Boutique.
  8281 | D:8      | Reached *** piety under Vehumet
  8495 | D:8      | Noticed Gastronok
  8513 | D:8      | Killed Gastronok
  8513 | D:8      | Reached skill level 11 in Spellcasting
  8513 | D:8      | Reached XP level 10. HP: 37/51 MP: 14/27
  8792 | D:8      | Offered knowledge of Stone Arrow by Vehumet.
  8803 | D:8      | Learned a level 3 spell: Stone Arrow
  8879 | D:8      | Noticed Maurice
  8900 | D:8      | Paralysed by something for 3 turns
  8910 | D:8      | Killed Maurice
  8924 | D:8      | Reached skill level 12 in Spellcasting
  9103 | D:8      | Noticed a two-headed ogre
  9118 | D:8      | Killed a two-headed ogre
  9465 | D:9      | Reached **** piety under Vehumet
  9465 | D:9      | Reached skill level 10 in Fire Magic
  9465 | D:9      | Offered knowledge of Mephitic Cloud by Vehumet.
  9651 | D:9      | Noticed a two-headed ogre
 10192 | D:9      | Reached skill level 13 in Spellcasting
 10192 | D:9      | Reached skill level 10 in Conjurations
 10460 | D:9      | Killed a two-headed ogre
 10460 | D:9      | Reached XP level 11. HP: 55/55 MP: 9/30
 10678 | D:9      | Found an ornate altar of the Wu Jian Council.
 10818 | D:10     | Entered Level 10 of the Dungeon
 10829 | D:10     | Found Cefurybb's Jewellery Boutique.
 11070 | D:10     | Noticed Urug
 11074 | D:10     | Killed Urug
 11139 | D:10     | Reached ***** piety under Vehumet
 11159 | D:10     | HP: 2/55 [yak (8)]
 11725 | D:10     | Found a staircase to the Lair.
 11872 | D:10     | Offered knowledge of Venom Bolt by Vehumet.
 12316 | Lair:1   | Entered Level 1 of the Lair of Beasts
 12383 | Lair:1   | Reached skill level 14 in Spellcasting
 12691 | Lair:1   | Reached skill level 1 in Fighting
 13089 | D:11     | Found a flagged portal.
 13100 | Bailey   | Entered a bailey
 13237 | Bailey   | Noticed an orc knight
 13248 | Bailey   | Noticed an orc knight
 13256 | Bailey   | Killed an orc knight
 13256 | Bailey   | Killed an orc knight
 13671 | D:11     | Reached skill level 5 in Dodging
 13841 | D:11     | Reached skill level 15 in Spellcasting
 14041 | D:11     | Reached XP level 12. HP: 51/61 MP: 22/33
 14181 | D:11     | Offered knowledge of Iskenderun's Battlesphere by Vehumet.
 15705 | Lair:2   | Slain by a redback

Vault maps used:
D:1:      dpeg_arrival_connections, minmay_pentomino_r4
D:2:      minitemple, serial_bayou_crossing
D:3:      marbit_many_paths, first_bread, serial_bayou_lagoon_a
D:6:      temple_pool_b, serial_shops,
          nicolae_shop_temple_entry_statues_fountains,
          cheibrodos_sewer_entry_sluice, uniq_pikel, uniq_edmund
D:7:      basic_altar, led_sif_pool
D:8:      serial_shops, kennysheep_mini, uniq_psyche, uniq_maurice,
          uniq_gastronok
D:9:      overflow_temple_1_default, the_bakery
D:10:     minmay_lair_entry_grove, serial_shops, nicolae_shop_window_shopping,
          uniq_urug
D:11:     enter_bailey_8
Lair:1:   minmay_holes
Lair:2:   nicolae_spider_entry_tight_spaces, serial_bayou_shore_b
Sewer:    kennysheep_door_sewer
Bailey:   bailey_polearm_4, bailey

Skill      XL: |  1  2  3  4  5  6  7  8  9 10 11 12 |
---------------+-------------------------------------+-----
Fire Magic     | 4 5 6 7 9 10 11 12 | 12.2
Conjurations   | 2 3 4 5 6 8 10 11 | 11.8
Spellcasting   | 4 5 6 7 9 11 13 15 | 15.6
Dodging        | 3 4 5 |  5.0
Stealth        | 3 4 |  4.5
Fighting       | 1 |  1.2
Evocations     | |  0.2

Action                   |  1- 3 |  4- 6 |  7- 9 | 10-12 || total
-------------------------+-------+-------+-------+-------++-------
Melee: Short sword       |       |       |     1 |       ||     1
       Dagger            |       |       |       |     5 ||     5
 Cast: Flame Tongue      |    78 |    84 |   207 |   358 ||   727
       Throw Flame       |       |    26 |    43 |   101 ||   170
       Conjure Flame     |       |       |    12 |    14 ||    26
       Fireball          |       |       |     3 |    48 ||    51
       Stone Arrow       |       |       |       |     2 ||     2
Evoke: Wand              |       |       |       |     1 ||     1
  Use: Scroll            |       |       |    14 |    14 ||    28
       Potion            |       |       |       |     1 ||     1
  Eat: Chunk             |     3 |     7 |    10 |    19 ||    39
       Royal jelly       |       |       |     1 |     2 ||     3
       Fruit             |       |       |     1 |     1 ||     2
Armor: Robe              |    11 |     8 |     3 |    39 ||    61
Dodge: Dodged            |    19 |    18 |    32 |   154 ||   223
